 Dungeon Crawl Stone Soup version 0.18.1-50-g88ac8fd (webtiles) character file.

164 Huisjee the Bolt Thrower (level 5, -1/58 HPs)
             Began as a Human Hunter on Sept 15, 2016.
             Was an Initiate of the Shining One.
             Slain by a worm (5 damage)
             ... on level 3 of the Dungeon.
             The game lasted 00:30:41 (2841 turns).

Huisjee the Bolt Thrower (Human Hunter)             Turns: 2841, Time: 00:30:42

Health: -1/58      AC: 22    Str: 12    XL:     5   Next: 73%
Magic:  5/5        EV:  2    Int: 17    God:    the Shining One [......]
Gold:   148        SH:  0    Dex: 14    Spells: 0 memorised, 4 levels left

rFire  . . .     SeeInvis .     A - -1 dagger (curse)
rCold  . . .     Gourm    .     (armour currently unavailable)
rNeg   + + +     Faith    .     (no shield)
rPois  +         Spirit   .     (helmet currently unavailable)
rElec  .         Dismiss  .     (cloak currently unavailable)
rCorr  .         Reflect  .     (gloves currently unavailable)
SustAt .         Harm     .     (boots currently unavailable)
MR     .....     NoTele   +     (no amulet)
Stlth  +.........               (no ring)
                                (no ring)

@: brilliant, tree-form, glowing, heavily drained, not resistant to hostile
enchantments, very unstealthy
A: no striking features
a: Renounce Religion


You were on level 3 of the Dungeon.
You worshipped the Shining One.
The Shining One was noncommittal.
You were not hungry.
You were a tree.
You visited 1 branch of the dungeon, and saw 3 of its levels.

You collected 148 gold pieces.

Inventory:

Hand Weapons
 a - a +1 hand crossbow
 b - a +0 short sword
 i - a -1 dagger
 j - a +0 mace
 k - a +0 mace
 l - a +0 whip
 n - a +2 dagger of venom
 r - a +0 dagger
 u - a +0 club
 x - a cursed -2 hunting sling
 A - a cursed -1 dagger (weapon)
 B - a +0 club
 D - a +0 club
Missiles
 d - 37 bolts
 h - 39 arrows
 m - 13 stones (quivered)
 o - 57 sling bullets
Armour
 c - a +1 leather armour (melded)
 e - a +0 ring mail
 y - a +0 animal skin
 z - a +0 helmet
Wands
 s - a wand of lightning (14/15)
Comestibles
 f - a bread ration
 w - a meat ration


   Skills:
 + Level 2.3(0.4) Fighting
 + Level 0.2(0.0) Short Blades
 + Level 5.6(3.5) Crossbows
 + Level 0.6(0.0) Throwing
 + Level 1.2(0.0) Armour
 + Level 3.0(1.0) Dodging
 + Level 1.1(0.0) Stealth


You had 4 spell levels left.
You didn't know any spells.

Dungeon Overview and Level Annotations

Branches:
Dungeon (3/15)

Altars:
Cheibriados
Fedhas
The Shining One


Message History

You hit the worm but do no damage.
The worm is moderately wounded.
The worm barely misses you.
You hit the worm.
The worm is moderately wounded.
The worm bites you but does no damage.
You hit the worm but do no damage.
The worm is lightly wounded.
You hit the worm.
The worm is moderately wounded.
The worm bites you but does no damage.
You hit the worm but do no damage.
The worm is moderately wounded.
You hit the worm.
The worm is moderately wounded.
The worm bites you but does no damage.
You hit the worm.
The worm is heavily wounded.
The worm bites you.
You die...

.†..#####.....#
.<........###.#####
....#####.###.....#
....# #...##.###.#
#.######.#....# #.#
#.####...#...## #.#
#......#####.# #.#
######...#...####.#
###.#((..(w♣.#
...#####..# .##
#.... ## ######


You could see a worm.

Vanquished Creatures
  Robin (D:2)
  6 adders
  2 dart slugs
  2 giant geckos (D:2)
  3 orcs (D:3)
  4 giant cockroaches (D:1)
  15 goblins
  11 hobgoblins
  5 jackals
  11 kobolds
  A quokka (D:3)
  10 bats
  5 giant newts
  8 rats
84 creatures vanquished.

Notes
Turn   | Place    | Note
--------------------------------------------------------------
     0 | D:1      | Huisjee the Human Hunter began the quest for the Orb.
     0 | D:1      | Reached XP level 1. HP: 16/16 MP: 1/1
   144 | D:1      | Reached XP level 2. HP: 22/22 MP: 2/2
   321 | D:1      | Reached XP level 3. HP: 22/27 MP: 3/3
   718 | D:1      | Reached skill level 5 in Crossbows
   997 | D:2      | Reached XP level 4. HP: 33/33 MP: 4/4
  1135 | D:2      | Found a glowing golden altar of the Shining One.
  1143 | D:2      | Became a worshipper of the Shining One
  1503 | D:2      | Noticed Robin
  1518 | D:2      | Reached XP level 5. HP: 29/38 MP: 5/5
  1539 | D:2      | Killed Robin
  1879 | D:2      | Found a snail-covered altar of Cheibriados.
  2011 | D:3      | HP: 1/38 [poisoned by an adder]
  2382 | D:3      | Reached skill level 1 in Armour
  2399 | D:3      | Found a blossoming altar of Fedhas.
  2825 | D:3      | HP: 1/39 [worm (9)]
  2841 | D:3      | Slain by a worm

Skill      XL: |  1  2  3  4  5 |
---------------+----------------+-----
Crossbows      | 5 |  5.6
Armour         | 1 |  1.2
Dodging        | 3 |  3.0
Fighting       | |  2.3
Short Blades   | |  0.2
Throwing       | |  0.6
Stealth        | |  1.1

Action                   |  1- 3 |  4- 6 || total
-------------------------+-------+-------++-------
Melee: Dagger            |     8 |   146 ||   154
       Hand crossbow     |       |     1 ||     1
 Fire: Hand crossbow     |    66 |    57 ||   123
Throw: Stone             |     3 |    56 ||    59
       Tomahawk          |       |    10 ||    10
  Use: Scroll            |     1 |     4 ||     5
       Potion            |       |     7 ||     7
  Eat: Bread ration      |       |     1 ||     1
       Chunk             |       |     1 ||     1
       Beef jerky        |       |     1 ||     1
Armor: Leather armour    |    14 |    38 ||    52
       Skin              |       |     7 ||     7
Dodge: Dodged            |    18 |   144 ||   162
